 Dungeon Crawl Stone Soup version 0.28.0-56-g4927b6849a (webtiles) character file.

Game seed: 2529873373492465576

155 mopl the Bolt Thrower (level 5, 0/67 HPs)
             Began as a Hill Orc Hunter on Feb 3, 2023.
             Succumbed to an adder's poison
             ... on level 3 of the Dungeon.
             The game lasted 00:02:24 (2297 turns).

mopl the Bolt Thrower (Hill Orc Hunter)             Turns: 2297, Time: 00:02:25

Health: 0/67       AC: 22    Str: 17    XL:     5   Next: 37%
Magic:  5/5        EV:  2    Int: 11    God:
Gold:   93         SH:  0    Dex: 11    Spells: 4/4 levels left

rFire   . . .      SeeInvis .   a - +1 hand crossbow
rCold   . . .      Faith    +   (no shield)
rNeg    . . .      Spirit   .   (armour currently unavailable)
rPois   +          Reflect  .   (helmet currently unavailable)
rElec   .          Harm     .   (cloak currently unavailable)
rCorr   .          Rampage  .   (gloves currently unavailable)
Will    .....      NoTele   +   (boots currently unavailable)
Stlth   +.........              j - amulet of faith {!P}
HPRegen 0.21/turn               (no ring)
MPRegen 0.09/turn               (no ring)

@: lethally poisoned (0 -> -3), tree-form
A: stationary, stasis, torment immunity, boosted hp, deterioration 1, (fire
resistance 1)
a: no special abilities


You were on level 3 of the Dungeon.
You were a tree.
You visited 1 branch of the dungeon, and saw 3 of its levels.

You collected 93 gold pieces.

Inventory:

Hand Weapons
 a - a +1 hand crossbow (weapon)
 b - a +0 hand axe
Missiles
 d - 9 bolts (quivered ammo)
Armour
 f - a +0 ring mail (melded)
 l - a +0 plate armour
Jewellery
 j - an amulet of faith (around neck) {!P}
 k - an amulet of reflection
Scrolls
 e - 2 scrolls of blinking {unknown}
 h - 2 scrolls of magic mapping {unknown}
 i - a scroll of enchant weapon {unknown}
 n - a scroll of identify {unknown}
 o - a scroll of fear {unknown}
Potions
 m - a potion of degeneration {unknown}


   Skills:
 + Level 3.1 Fighting
 + Level 2.1 Axes
 * Level 4.9 Crossbows
 + Level 1.4 Armour
 + Level 2.0 Dodging
 - Level 0.7 Stealth


You had 4 spell levels left.
You didn't know any spells.
Your spell library contained the following spells:

 Spells                   Type           Power      Damage    Failure   Level
 Summon Forest            Summ/Tloc      0%         N/A       100%        5
 Eringya's Noxious Bog    Tmut/Pois      0%         N/A       100%        6
 Summon Hydra             Summ           0%         N/A       100%        7


Dungeon Overview and Level Annotations

Branches:
Dungeon (3/15)

Altars:


Innate Abilities, Weirdness & Mutations

You are a tree.
Your roots penetrate the ground, keeping you stationary.
You cannot be teleported.
You are immune to unholy pain and torment.
Your maximum health is greatly increased.
Your equipment is partially melded.
Your body sometimes deteriorates upon taking damage.
((Your flesh is heat resistant. (rF+)))


Message History

The adder closely misses you. The adder barely misses you.
Unknown command.
Fire: 13 bolts
Press: ? - help, Q - select action Shift-Dir - straight line, f/p - adder
Aim: an adder (severely wounded, 48% to hit)
You shoot a bolt. The bolt hits the adder.
The adder is almost dead.
The adder bites you.
* * * LOW HITPOINT WARNING * * *
You are poisoned.
The adder poisons you! The adder misses you.
Fire: 12 bolts
Press: ? - help, Q - select action Shift-Dir - straight line, f/p - adder
Aim: an adder (almost dead, 48% to hit)
You shoot a bolt.
The bolt hits the adder but does no damage.
The adder is almost dead.
You feel sick. The adder bites you.
* * * LOW HITPOINT WARNING * * *
You are lethally poisoned!
The adder poisons you!
Fire: 11 bolts
Press: ? - help, Q - select action Shift-Dir - straight line, f/p - adder
Aim: an adder (almost dead, 48% to hit)
You shoot a bolt. The bolt closely misses the adder.
* * * LOW HITPOINT WARNING * * *
You feel sick. The adder barely misses you. The adder completely misses you.
It was a potion of lignification.
You turn into a tree.
Your +0 ring mail melds into your body.
Your roots penetrate the ground.
* * * LOW HITPOINT WARNING * * *
You feel sick. The adder bites you but does no damage.
Fire: 10 bolts
Press: ? - help, Q - select action Shift-Dir - straight line, f/p - adder
Aim: an adder (almost dead, 48% to hit)
You shoot a bolt. The bolt barely misses the adder.
* * * LOW HITPOINT WARNING * * *
You feel sick.
The adder bites you but does no damage. x2
It was a potion of mutation.
You feel extremely strange.
You feel yourself wasting away.
You feel resistant to heat.
You die...

.......S##.#.#
...........#.#
........#....#
#(†.....# #
#.#.....#.#
######+#.......#
.......(..##.###
.......S......#
.......♣#.##..#
...........#..#
........##.#..#
........##....#
######........#
#........#
#.......#####.#
#......>.......
#......#######.


You could see an adder.

Vanquished Creatures
  A phantom (D:2)
  A hound (D:3)
  An adder (D:2)
  A worm (D:2)
  2 dart slugs
  An endoplasm (D:3)
  4 giant cockroaches
  2 goblins (D:1)
  4 hobgoblins
  4 kobolds
  A quokka (D:1)
  3 ball pythons
  4 bats
  3 frilled lizards (D:1)
  6 rats
38 creatures vanquished.

Notes
Turn   | Place    | Note
-------+----------+-------------------------------------------
     0 | D:1      | mopl the Hill Orc Hunter began the quest for the Orb.
     0 | D:1      | Reached XP level 1. HP: 18/18 MP: 1/1
   345 | D:1      | Reached skill level 4 in Crossbows
   345 | D:1      | Reached XP level 2. HP: 25/25 MP: 2/2
   728 | D:1      | Reached XP level 3. HP: 23/30 MP: 3/3
   812 | D:2      | Found a faded altar of an unknown god.
   934 | D:2      | Reached skill level 1 in Axes
  1773 | D:2      | Noticed a phantom
  1788 | D:2      | Killed a phantom
  1789 | D:2      | Reached skill level 3 in Fighting
  1789 | D:2      | Reached skill level 2 in Axes
  1789 | D:2      | Reached skill level 1 in Armour
  1789 | D:2      | Reached skill level 2 in Dodging
  1789 | D:2      | Reached XP level 4. HP: 11/38 MP: 4/4
  1789 | D:2      | Reached XP level 5. HP: 13/45 MP: 5/5
  2294 | D:3      | HP: 2/45 [poisoned by an adder]
  2297 | D:3      | Gained mutation: Your body sometimes deteriorates upon
                  | taking damage. [potion of mutation]
  2297 | D:3      | Gained mutation: Your flesh is heat resistant. (rF+)
                  | [potion of mutation]
  2297 | D:3      | Succumbed to an adder's poison

Illustrated notes

Levels and vault maps discovered:
D:1:      psy_arrival_radial01, layout_rooms
D:2:      layout_basic, chequers_ecumenical_altar_simple_redux
D:3:      layout_basic, chequers_big_river, uniq_terence

Skill      XL: |  1  2  3 |
---------------+----------+-----
Crossbows      | 4 |  4.9
Axes           | 2 |  2.1
Fighting       | 3 |  3.1
Armour         | 1 |  1.4
Dodging        | 2 |  2.0
Stealth        | |  0.7

Action                   |  1- 3 |  4- 6 || total
-------------------------+-------+-------++-------
Melee: Short sword       |    38 |       ||    38
       Punch             |     2 |     1 ||     3
       Hand axe          |    71 |    15 ||    86
 Fire: Hand crossbow     |    16 |    12 ||    28
  Use: Potion            |       |     2 ||     2
Armor: Leather armour    |    29 |       ||    29
       Ring mail         |    18 |     7 ||    25
       Skin              |       |     3 ||     3
Dodge: Dodged            |    82 |    16 ||    98
